ESL (28 & UNDER)
NEWARK BULLDOGS @ KINGSTON IGUANAS
08/15/2029
 
TOP OF THE 1ST
Newark Bulldogs batting - Pitching for Kingston Iguanas : RHP Doug Scott
Pitching: RHP Doug Scott
Batting: RHB Aurelio Cruz 0-0: Ball
1-0: Called Strike
1-1: Ball
2-1: Fly out, F5 (Line Drive, 5)
Batting: LHB John Clark 0-0: Fly out, F8 (Flyball, 8LS)
Batting: RHB Michael Skinner 0-0: Ball
1-0: Swinging Strike
1-1: Ball
2-1: Foul Ball, location: 2F
2-2: Strikes out swinging
Top of the 1st over - 0 runs, 0 hits, 0 errors, 0 left on base; Newark 0 - Kingston 0
BOTTOM OF THE 1ST
Kingston Iguanas batting - Pitching for Newark Bulldogs : RHP Mitch Wall
Pitching: RHP Mitch Wall
Batting: SHB John Beach 0-0: Ball
1-0: Called Strike
1-1: Ball
2-1: Called Strike
2-2: Foul Ball, location: 2F
2-2: Ball
3-2: Foul Ball, location: 2F
3-2: Base on Balls
Batting: RHB Tim Davis 0-0: Called Strike
0-1: Fly out, F9 (Flyball, 9S)
Batting: LHB Gustavo Gómez 0-0: Foul Ball, location: 2F
0-1: Grounds into double play, 4-6-3 (Groundball, 34)
Bottom of the 1st over - 0 runs, 0 hits, 0 errors, 0 left on base; Newark 0 - Kingston 0
TOP OF THE 2ND
Newark Bulldogs batting - Pitching for Kingston Iguanas : RHP Doug Scott
Batting: RHB Jorge Flores 0-0: Ground out 5-3 (Groundball, 25)
Batting: SHB Ismael Sánchez 0-0: Ball
1-0: Ball
2-0: SINGLE (Line Drive, 9S)
Batting: RHB Ben Kearley 0-0: Called Strike
Ismael Sánchez steals 2nd base
0-1: Called Strike
0-2: Ground out 4-3 (Groundball, 4)
Ismael Sánchez to third
Batting: RHB Francisco Domínguez 0-0: Ball
1-0: Called Strike
1-1: Swinging Strike
1-2: Strikes out swinging
Top of the 2nd over - 0 runs, 1 hit, 0 errors, 1 left on base; Newark 0 - Kingston 0
BOTTOM OF THE 2ND
Kingston Iguanas batting - Pitching for Newark Bulldogs : RHP Mitch Wall
Batting: LHB Henry Durham 0-0: Ball
1-0: Called Strike
1-1: Ball
2-1: Foul Ball, location: 2F
2-2: Ball
3-2: Foul Ball, location: 2F
3-2: Base on Balls
Batting: RHB Andrés Bustamante 0-0: Foul Ball, location: 2F
0-1: Ball
1-1: Ball
2-1: Foul Ball, location: 2F
2-2: Strikes out looking
Batting: RHB Manuel Gómez 0-0: Called Strike
0-1: Grounds into double play, 5-4-3 (Groundball, 56)
Bottom of the 2nd over - 0 runs, 0 hits, 0 errors, 0 left on base; Newark 0 - Kingston 0
TOP OF THE 3RD
Newark Bulldogs batting - Pitching for Kingston Iguanas : RHP Doug Scott
Batting: RHB Dan McKay 0-0: Fly out, F9 (Flyball, 89D)
Batting: RHB Edgardo Hernández 0-0: Ball
1-0: Ball
2-0: SINGLE (Line Drive, 6MD)
Batting: RHB Aurelio Cruz 0-0: Fielders Choice at 2nd, 6-4 (Groundball, 6)
Batting: LHB John Clark 0-0: Called Strike
0-1: Ball
1-1: Ball
2-1: Swinging Strike
2-2: Ball
Aurelio Cruz steals 2nd base
3-2: SINGLE (Groundball, 4MD)
Aurelio Cruz to third
Aurelio Cruz scores
Batting: RHB Michael Skinner 0-0: Ground out 6-3 (Groundball, 6S)
Top of the 3rd over - 1 run, 2 hits, 0 errors, 1 left on base; Newark 1 - Kingston 0
BOTTOM OF THE 3RD
Kingston Iguanas batting - Pitching for Newark Bulldogs : RHP Mitch Wall
Batting: RHB Sergio Mata 0-0: Foul Ball, location: 2F
0-1: Swinging Strike
0-2: Strikes out swinging
Batting: RHB Cristián López 0-0: Called Strike
0-1: Ball
1-1: Swinging Strike
1-2: Ball
2-2: Ball
3-2: Foul Ball, location: 2F
3-2: Foul Ball, location: 2F
3-2: Foul Ball, location: 2F
3-2: Base on Balls
Batting: RHB Ron Campbell 0-0: Ball
1-0: Called Strike
1-1: Called Strike
1-2: Ball
2-2: Ball
3-2: Base on Balls
Cristián López to second
Batting: SHB John Beach 0-0: Called Strike
0-1: Fly out, F8 (Flyball, 8RS)
Batting: RHB Tim Davis 0-0: Ball
1-0: Fielders Choice at 2nd, 6-4 (Groundball, 6)
Bottom of the 3rd over - 0 runs, 0 hits, 0 errors, 2 left on base; Newark 1 - Kingston 0
TOP OF THE 4TH
Newark Bulldogs batting - Pitching for Kingston Iguanas : RHP Doug Scott
Batting: RHB Jorge Flores 0-0: Swinging Strike
0-1: Ground out 5-3 (Groundball, 56)
Batting: SHB Ismael Sánchez 0-0: Called Strike
0-1: Foul Ball, location: 2F
0-2: Ball
1-2: Ball
2-2: Ball
3-2: Base on Balls
Batting: RHB Ben Kearley 0-0: Called Strike
0-1: Ball
1-1: Foul Ball, location: 2F
1-2: Ball
2-2: Strikes out swinging
Batting: RHB Francisco Domínguez 0-0: Called Strike
0-1: Ball
1-1: Foul Ball, location: 2F
1-2: Ball
2-2: Strikes out looking
Top of the 4th over - 0 runs, 0 hits, 0 errors, 1 left on base; Newark 1 - Kingston 0
BOTTOM OF THE 4TH
Kingston Iguanas batting - Pitching for Newark Bulldogs : RHP Mitch Wall
Batting: LHB Gustavo Gómez 0-0: Ball
1-0: Called Strike
1-1: Swinging Strike
1-2: Strikes out swinging
Batting: LHB Henry Durham 0-0: Ground out 6-3 (Groundball, 6)
Batting: RHB Andrés Bustamante 0-0: Foul Ball, location: 2F
0-1: SINGLE (Groundball, 34S) (infield hit)
Batting: RHB Manuel Gómez 0-0: Ball
1-0: Called Strike
1-1: Ground out 4-3 (Groundball, 4)
Bottom of the 4th over - 0 runs, 1 hit, 0 errors, 1 left on base; Newark 1 - Kingston 0
TOP OF THE 5TH
Newark Bulldogs batting - Pitching for Kingston Iguanas : RHP Doug Scott
Batting: RHB Dan McKay 0-0: Swinging Strike
0-1: Ball
1-1: Swinging Strike
1-2: Strikes out swinging
Batting: RHB Edgardo Hernández 0-0: Called Strike
0-1: Called Strike
0-2: Ball
1-2: Ball
2-2: Ball
3-2: Reached on error, E5 (Groundball, 56)
Batting: RHB Aurelio Cruz 0-0: Ground out 6-3 (Groundball, 6S)
Edgardo Hernández to second
Batting: LHB John Clark 0-0: Ball
1-0: Called Strike
1-1: Ball
2-1: Foul Ball, location: 2F
2-2: Ball
3-2: Foul Ball, location: 2F
3-2: Base on Balls
Batting: RHB Michael Skinner 0-0: Ball
1-0: SINGLE (Line Drive, 56D)
Edgardo Hernández to third
John Clark to second
Runner from 3rd tries for Home, throw and OUT!
Top of the 5th over - 0 runs, 1 hit, 1 error, 2 left on base; Newark 1 - Kingston 0
BOTTOM OF THE 5TH
Kingston Iguanas batting - Pitching for Newark Bulldogs : RHP Mitch Wall
Batting: RHB Sergio Mata 0-0: Ball
1-0: Called Strike
1-1: Foul Ball, location: 2F
1-2: Strikes out swinging
Batting: RHB Cristián López 0-0: Ball
1-0: Swinging Strike
1-1: Ball
2-1: Ball
3-1: Foul Ball, location: 2F
3-2: Base on Balls
Batting: RHB Ron Campbell 0-0: Called Strike
0-1: Ball
1-1: Ball
2-1: Foul Ball, location: 2F
2-2: Strikes out swinging
Batting: SHB John Beach 0-0: Swinging Strike
0-1: Ball
1-1: Foul Ball, location: 2F
1-2: Ball
2-2: Ground out U3 (Groundball, 34)
Bottom of the 5th over - 0 runs, 0 hits, 0 errors, 1 left on base; Newark 1 - Kingston 0
TOP OF THE 6TH
Newark Bulldogs batting - Pitching for Kingston Iguanas : RHP Doug Scott
Batting: RHB Jorge Flores 0-0: Called Strike
0-1: Fly out, F8 (Flyball, 8LM)
Batting: SHB Ismael Sánchez 0-0: Ball
1-0: Ball
2-0: Ball
3-0: Base on Balls
Batting: RHB Ben Kearley 0-0: Ball
1-0: Called Strike
1-1: Foul Ball, location: 2F
1-2: Ball
2-2: Fly out, F7 (Flyball, 7)
Batting: RHB Francisco Domínguez 0-0: Ball
1-0: Called Strike
1-1: Ball
2-1: Called Strike
Ismael Sánchez is caught stealing 2nd base
Top of the 6th over - 0 runs, 0 hits, 0 errors, 0 left on base; Newark 1 - Kingston 0
BOTTOM OF THE 6TH
Kingston Iguanas batting - Pitching for Newark Bulldogs : RHP Mitch Wall
Batting: RHB Tim Davis 0-0: Ball
1-0: Called Strike
1-1: Called Strike
1-2: Ground out 5-3 (Groundball, 56)
Batting: LHB Gustavo Gómez 0-0: Fly out, F7 (Flyball, 7S)
Now in LF: Ángel Tuzzi
Batting: LHB Henry Durham 0-0: Foul Ball, location: 2F
0-1: Ground out 1-3 (Groundball, 13S)
Bottom of the 6th over - 0 runs, 0 hits, 0 errors, 0 left on base; Newark 1 - Kingston 0
TOP OF THE 7TH
Newark Bulldogs batting - Pitching for Kingston Iguanas : RHP Doug Scott
Batting: RHB Francisco Domínguez 0-0: Ball
1-0: Foul Ball, location: 2F
1-1: Ball
2-1: Foul Ball, location: 2F
2-2: Strikes out swinging
Batting: RHB Dan McKay 0-0: Foul Ball, location: 2F
0-1: Ball
1-1: Ball
2-1: Called Strike
2-2: Ball
3-2: Foul Ball, location: 2F
3-2: Base on Balls
Pitching: RHP Ron Jenkins
Batting: LHB Ángel Tuzzi 0-0: Ball
1-0: Foul Ball, location: 2F
1-1: Swinging Strike
1-2: Ball
2-2: Strikes out swinging
Batting: RHB Aurelio Cruz 0-0: Ball
1-0: Ball
2-0: Ball
3-0: Called Strike
3-1: Fly out, F7 (Flyball, 78S)
Top of the 7th over - 0 runs, 0 hits, 0 errors, 1 left on base; Newark 1 - Kingston 0
BOTTOM OF THE 7TH
Kingston Iguanas batting - Pitching for Newark Bulldogs : RHP Mitch Wall
Batting: RHB Andrés Bustamante 0-0: Called Strike
0-1: Swinging Strike
0-2: Ball
1-2: Foul Ball, location: 2F
1-2: Ball
2-2: Ground out 6-3 (Groundball, 6)
Batting: RHB Manuel Gómez 0-0: Swinging Strike
0-1: Foul Ball, location: 2F
0-2: Ball
1-2: Ball
2-2: Ball
3-2: Base on Balls
Batting: RHB Sergio Mata 0-0: Called Strike
Manuel Gómez steals 2nd base
0-1: Ball
1-1: Ball
2-1: Ball
3-1: Fly out, F6 (Line Drive, 6M)
Lined into DP, U6 (Line Drive, 6M)
Bottom of the 7th over - 0 runs, 0 hits, 0 errors, 0 left on base; Newark 1 - Kingston 0
TOP OF THE 8TH
Newark Bulldogs batting - Pitching for Kingston Iguanas : RHP Ron Jenkins
Pitching: LHP Jeff Minnich
Batting: LHB John Clark 0-0: Called Strike
0-1: Called Strike
0-2: Foul Ball, location: 2F
0-2: Foul Ball, location: 2F
0-2: Ball
1-2: Strikes out looking
Pitching: RHP Guo-fang Juan
Batting: RHB Michael Skinner 0-0: Called Strike
0-1: Ball
1-1: Foul Ball, location: 2F
1-2: Ball
2-2: Foul Ball, location: 2F
2-2: Strikes out swinging
Batting: RHB Jorge Flores 0-0: Ball
1-0: Called Strike
1-1: Ball
2-1: Called Strike
2-2: Foul Ball, location: 2F
2-2: Strikes out swinging
Top of the 8th over - 0 runs, 0 hits, 0 errors, 0 left on base; Newark 1 - Kingston 0
BOTTOM OF THE 8TH
Kingston Iguanas batting - Pitching for Newark Bulldogs : RHP Mitch Wall
Batting: RHB Cristián López 0-0: Foul Ball, location: 2F
0-1: Foul Ball, location: 2F
0-2: Ball
1-2: Ball
2-2: Ball
3-2: Foul Ball, location: 2F
3-2: Foul Ball, location: 2F
3-2: Foul Ball, location: 2F
3-2: Foul Ball, location: 2F
3-2: Base on Balls
Batting: RHB Ron Campbell 0-0: Ball
1-0: Sac Bunt - play at first, batter OUT! 2-4
Cristián López to second
Batting: SHB John Beach 0-0: Called Strike
0-1: Ground out U3 (Groundball, 3)
Cristián López to third
Batting: RHB Tim Davis 0-0: Ball
1-0: Foul Ball, location: 2F
1-1: Foul Ball, location: 2F
1-2: Foul Ball, location: 2F
1-2: Ball
2-2: Fly out, F7 (Flyball, 78M)
Bottom of the 8th over - 0 runs, 0 hits, 0 errors, 1 left on base; Newark 1 - Kingston 0
TOP OF THE 9TH
Newark Bulldogs batting - Pitching for Kingston Iguanas : RHP Guo-fang Juan
Batting: SHB Ismael Sánchez 0-0: Fly out, F4 (Popup, 4S)
Batting: RHB Ben Kearley 0-0: Called Strike
0-1: Ball
1-1: Foul Ball, location: 2F
1-2: Strikes out swinging
Batting: RHB Francisco Domínguez 0-0: Called Strike
0-1: Ball
1-1: Ball
2-1: Called Strike
2-2: Strikes out swinging passed ball, reaches first!
Pinch Hitting: LHB Jorge Hernández 0-0: Called Strike
Francisco Domínguez steals 2nd base
0-1: Ball
1-1: SINGLE (Groundball, 56D)
Francisco Domínguez to third
Runner from 3rd tries for Home, SAFE, no throw
Batting: LHB Ángel Tuzzi 0-0: Ball
1-0: Foul Ball, location: 2F
1-1: SINGLE (Groundball, 4D)
Jorge Hernández to second
Runner from 2nd tries for 3rd, SAFE, no throw
Batting: RHB Aurelio Cruz 0-0: SINGLE (Groundball, 4MD)
Jorge Hernández scores
Ángel Tuzzi to second
Runner from 2nd tries for 3rd, SAFE, throw made at trailing runner, OUT!
Top of the 9th over - 2 runs, 3 hits, 0 errors, 1 left on base; Newark 3 - Kingston 0
BOTTOM OF THE 9TH
Kingston Iguanas batting - Pitching for Newark Bulldogs : RHP Mitch Wall
Pitching: RHP Fernando Silva
Now at 2B: Juan Martínez
Batting: LHB Gustavo Gómez 0-0: Called Strike
0-1: Swinging Strike
0-2: Strikes out looking
Batting: LHB Henry Durham 0-0: Ground out 4-3 (Groundball, 4D)
Batting: RHB Andrés Bustamante 0-0: Ball
1-0: Called Strike
1-1: Ball
2-1: Called Strike
2-2: Foul Ball, location: 2F
2-2: Ball
3-2: Base on Balls
Batting: RHB Manuel Gómez 0-0: Fly out, F8 (Flyball, 78D)
Bottom of the 9th over - 0 runs, 0 hits, 0 errors, 1 left on base; Newark 3 - Kingston 0
Saturday, December 16th, 2017 - OOTP Baseball 18.8 Build 76